 Dungeon Crawl Stone Soup version 0.32-a0-705-g60f233581c (webtiles) character file.

Game seed: 12381627017818758969

322 jasper the Twirler (level 6, 0/44 HPs)
             Began as a Coglin Gladiator on Mar 14, 2024.
             Slain by a black bear (2 damage)
             ... on level 4 of the Dungeon.
             The game lasted 00:03:56 (2301 turns).

jasper the Twirler (Coglin Gladiator)               Turns: 2301, Time: 00:03:56

Health: 0/44       AC:  5    Str: 14    XL:     6   Next: 47%
Magic:  6/6        EV: 11    Int:  9    God:
Gold:   48         SH:  0    Dex: 16    Spells: 5/5 levels left

rFire   . . .        a - +0 quarterstaff {Caihong}
rCold   . . .        (shield currently unavailable)
rNeg    . . .        b - +0 leather armour
rPois   .            c - +0 helmet
rElec   .            o - +0 cloak
rCorr   .            (no gloves)
SInv    .            (no boots)
Will    .....        (amulet unavailable)
Stlth   +            (ring unavailable)
HPRegen 0.27/turn    (ring unavailable)
MPRegen 0.10/turn    (no gizmo)

%: no passive effects
@: revved
A: off-hand wielding, slow wielding, warmup strikes, no jewellery
a: Invent Gizmo


You were on level 4 of the Dungeon.
You visited 1 branch of the dungeon, and saw 4 of its levels.

You collected 192 gold pieces.
You spent 144 gold pieces at shops.

Inventory:

Hand Weapons
 a - a +0 quarterstaff (weapon) {Caihong}
 p - the +4 hand axe of the Establishment {speed, Will++ MP-9 Str+6}
   (You found it on level 2 of the Dungeon)

   Str+6:     It affects your strength (+6).
   Will++:    It greatly increases your willpower.
   MP-9:      It affects your magic capacity (-9).
Missiles
 e - a javelin
Armour
 b - a +0 leather armour (worn)
 c - a +0 helmet (worn)
 o - a +0 cloak (worn)
Scrolls
 h - 5 scrolls of teleportation {unknown}
 j - a scroll of fog {unknown}
 k - 3 scrolls of identify {unknown}
 m - a scroll of revelation {unknown}
 n - 2 scrolls of enchant armour {unknown}
 r - 2 scrolls of enchant weapon {unknown}
 s - a scroll of silence {unknown}
Potions
 f - a potion of curing {unknown}
 g - a potion of invisibility {unknown}
 i - 2 potions of berserk rage {unknown}
 l - 2 potions of heal wounds {unknown}
 q - a potion of attraction {unknown}


   Skills:
 - Level 2.0 Fighting
 + Level 6.4 Staves
 - Level 1.7 Throwing
 - Level 2.6 Dodging


You had 5 spell levels left.
You didn't know any spells.
Your spell library contained the following spells:

 Spells                   Type           Power      Damage    Failure   Level
 Sandblast                Erth           0%         2d4       45%         1
 Stone Arrow              Conj/Erth      0%         3d7       83%         3
 Brom's Barrelling Bould  Conj/Erth      0%         2d3       99%         4


Dungeon Overview and Level Annotations

Branches:
Dungeon (4/15)
 Temple: D:4-7

Altars:
Nemelex Xobeh

Shops:
D:2 *[[:(

Annotations:
D:1 2 transporters
D:4 3 runed translucent doors, Aldia's ghost, amateur OpAl


Innate Abilities, Weirdness & Mutations

You can wield a second weapon in your off-hand.
It takes a long time for you to wield or remove held weapons.
Your first few attacks do less damage.
You cannot equip rings or amulets.


Message History

The black bear claws you.
You closely miss the black bear.
The black bear is severely wounded.
The black bear goes berserk!
You completely miss the black bear.
The black bear is severely wounded.
The black bear barely misses you. The black bear completely misses you.
The black bear claws you but does no damage.
You closely miss the black bear.
The black bear is severely wounded.
The black bear completely misses you. The black bear closely misses you.
The black bear barely misses you.
You barely miss the black bear.
The black bear is severely wounded.
The black bear bites you!
The black bear claws you but does no damage.
The black bear claws you. The black bear barely misses you.
The black bear claws you.
The black bear claws you but does no damage.
You take 15 damage, and have 24/44 hp.
MASSIVE DAMAGE!!
You sock the black bear!
The black bear is almost dead.
The black bear closely misses you. The black bear claws you. x2
You take 3 damage, and have 21/44 hp.
You hit the black bear but do no damage.
The black bear is almost dead.
The black bear bites you!
* * * LOW HITPOINT WARNING * * *
The black bear claws you.
* * * LOW HITPOINT WARNING * * *
The black bear claws you.
* * * LOW HITPOINT WARNING * * *
The black bear barely misses you. The black bear misses you.
The black bear closely misses you.
You hit the black bear but do no damage.
The black bear is almost dead.
The kobold barely misses you. The black bear bites you.
* * * LOW HITPOINT WARNING * * *
The black bear claws you.
You die...

.. ##+#######(#
#..........#.......#
#.>.....#..+.......#
#+##.......#..#.......#
...........#..#.......#
...........#..#.......#
...........#Kh#.......#
.......†...##@#.......#
....###'##.......##+###
... #....#.......+....#
.. #....+.......#....# ..
. #....#.......#....# .#
#)...#.......#..<.# .#
#..###.......#..#########
.# #..#
##+######..#.......# .#
#..+ #......#.......#


You could see a black bear (berserk) and a kobold.

Vanquished Creatures
  A phantom (D:4)
  A scorpion (D:4)
  2 hounds (D:4)
  Natasha (D:4)
  3 gnolls (D:4)
  A shadow imp (D:4)
  5 ribbon worms
  A dart slug (D:1)
  6 orcs (D:3)
  6 ball pythons
  4 bats
  3 endoplasms
  A giant cockroach (D:1)
  3 hobgoblins
  3 jackals
  2 quokkas
  3 goblins
  5 rats
51 creatures vanquished.

Notes
Turn   | Place    | Note
-------+----------+-------------------------------------------
     0 | D:1      | jasper the Coglin Gladiator began the quest for the Orb.
     0 | D:1      | Reached XP level 1. HP: 16/16 MP: 1/1
   143 | D:1      | Reached skill level 3 in Staves
   183 | D:1      | Reached XP level 2. HP: 22/22 MP: 2/2
   763 | D:2      | Found Kule's Armour Boutique.
   790 | D:2      | Found Babes's Book Shoppe.
   832 | D:2      | Found Gaid's Weapon Shoppe.
   860 | D:2      | Bought a +0 cloak for 54 gold pieces
   869 | D:2      | Found a sparkling altar of Nemelex Xobeh.
   900 | D:2      | Reached XP level 3. HP: 26/27 MP: 3/3
   931 | D:2      | Found a faded altar of an unknown god.
   988 | D:2      | Identified the +4 hand axe of the Establishment {speed,
                  | Will++ MP-9 Str+6}
  1057 | D:2      | Found Micracy's General Store.
  1065 | D:2      | Bought a scroll of blinking for 90 gold pieces
  1169 | D:2      | Found Odachiem's Armour Shoppe.
  1272 | D:3      | Reached skill level 4 in Staves
  1597 | D:4      | Noticed a scorpion
  1609 | D:4      | Killed a scorpion
  1610 | D:4      | Reached skill level 5 in Staves
  1610 | D:4      | Reached XP level 4. HP: 33/33 MP: 4/4
  1624 | D:4      | Reached XP level 5. HP: 29/38 MP: 5/5
  1820 | D:4      | Noticed a phantom
  1833 | D:4      | Killed a phantom
  1834 | D:4      | Reached skill level 6 in Staves
  1834 | D:4      | Reached XP level 6. HP: 39/44 MP: 6/6
  2036 | D:4      | Noticed Natasha
  2043 | D:4      | Killed Natasha
  2195 | D:4      | Found a runed translucent gate.
  2195 | D:4      | Found a runed translucent gate.
  2195 | D:4      | Found a runed translucent gate.
  2200 | D:4      | Noticed Aldia's ghost (amateur OpAl)
  2282 | D:4      | Noticed a black bear
  2301 | D:4      | HP: 2/44 [black bear (5)]
  2301 | D:4      | Slain by a black bear

Illustrated notes

Levels and vault maps discovered:
D:1:      spicycebolla_arrival_transporter_tutorial, layout_basic, st_stairs_10
D:2:      layout_rooms, serial_shops, shop, nicolae_shop_waterfront, shop, shop,
          nicolae_shop_hallway_stairs, shapermc_ecumenical_altar_notcrosses,
          basic_altar
D:3:      layout_loops_ring, chequers_temple_overflow_statue_of_worship,
          kennysheep_decorative_pillar, serial_bayou_pond_d,
          cheibrodos_gnoll_hut
D:4:      layout_gridville, nicolae_elyvilon_temple_path,
          gammafunk_ghost_necromancy, uniq_natasha

Skill      XL: |  1  2  3  4  5 |
---------------+----------------+-----
Staves         | 3 5 6 |  6.4
Fighting       | |  2.0
Throwing       | |  1.7
Dodging        | |  2.6

Action                     |  1- 3 |  4- 6 || total
---------------------------+-------+-------++-------
  Melee: Quarterstaff      |   116 |    97 ||   213
  Throw: Throwing net      |     3 |     3 ||     6
    Use: Scroll            |     1 |       ||     1
   Stab: Held in net/web   |     1 |       ||     1
 Armour: Leather armour    |    75 |    82 ||   157
  Dodge: Dodged            |    98 |    60 ||   158

Table legend: (Time is in decaauts)
 A = Elapsed time spent in this place.
 B = Non-inter-level travel time spent in this place.
 C = Inter-level travel time spent in this place.
 D = Time resting spent in this place.
 E = Time spent auto-exploring this place.
 F = Levels seen in this place.
 G = Mean time per level.
                   A        B        C        D        E       F      G
               +--------+--------+--------+--------+--------+-----+--------+
         Total |   2315 |   2266 |     49 |    149 |   1557 |   4 |  578.8 |
       Dungeon |   2315 |   2266 |     49 |    149 |   1557 |   4 |  578.8 |
               +--------+--------+--------+--------+--------+-----+--------+

Top non-repeatable levels by time:
     D:4: 731 daAuts
     D:1: 709 daAuts
     D:2: 518 daAuts
     D:3: 356 daAuts
